[Event "1st Henriquez Urena Memorial 2022"]
[Site "Santo Domingo"]
[Date "2022.09.21"]
[Round "6.4"]
[White "Polanco Nunez, Yoel Starling"]
[Black "Cuenca Jimenez, Jose Fernando"]
[Result "0-1"]
[ECO "A14"]
[WhiteElo "2199"]
[BlackElo "2553"]
[Annotator "TA"]
[PlyCount "72"]
[EventDate "2022.09.16"]
[EventType "swiss"]
[EventCountry "DOM"]
[SourceTitle "playchess.com"]
[Source "ChessBase"]
[SourceQuality "1"]
[TimeControl "5400+30"]

1. Nf3 Nf6 2. g3 d5 3. Bg2 e6 4. O-O Be7 5. c4 d4 6. b3 c5 7. e3 Nc6 8. exd4 cxd4 9. Re1 O-O 10. d3 Nd7 {[%emt 0:02:16] CPLX 2.0 6 (Be7-b4) (=6) 10...Re8 is the hot move.} (10... Bb4 {seems wilder.} 11. Nfd2 e5 12. a3 Bg4) 11. Ba3 {[%emt 0:01:25] A14: English Opening: 1...e6 with b3 by White.} e5 {[%emt 0:07:12] CPLX 2.3} 12. Bxe7 {[%emt 0:01:04] CPLX 2.4} Qxe7 {[%emt 0:00:03] RECAPT} 13. a3 {[%emt 0:00:18] The position is equal.} a5 {[%emt 0:00:19] Prevents b4. BESTDEEP} 14. Nbd2 {[%emt 0:00:08] EASY} Nc5 {[%emt 0:02:16] CPLX 2.2} 15. Ne4 {[%emt 0:02:23] [#] CPLX 2.3} Na6 $146 {[%emt 0:03:56] BESTDEEP} ({Predecessor:} 15... Nxe4 16. Rxe4 Qd6 17. Qc2 Bf5 18. Ree1 Rac8 19. Nd2 h6 20. Ne4 Qe7 21. Qb2 Bg6 {½-½ (70) Galchenko,M (2433)-Sarana,A (2654) Chess.com INT 2020}) 16. Qc2 {[%emt 0:05:27] CPLX 2.3 11 (Nf3-h4) (=2)} Bf5 {[%emt 0:16:50] CPLX 2.4 50 (f7-f5) (=8)} (16... f5 $15 17. Ned2 f4) 17. Nfd2 {[%emt 0:04:25] CPLX 2.4 17 (Nf3-h4) (=4)} Be6 {[%emt 0:08:50] ...f5 is the strong threat. CPLX 2.4 11 (Ra8-c8) (=8)} 18. c5 {[%emt 0:11:03] BESTDEEP} Bd5 {[%emt 0:01:27] CPLX 2.3 0 (Ra8-d8) (=7)} 19. Rac1 {[%emt 0:13:10][%cal Oe4f6] CPLX 2.4 8 (Nd2-c4) (=4)} Rad8 {[%emt 0:05:58] BESTDEEP} 20. f4 {[%emt 0:08:47] BESTDEEP} Be6 {[%emt 0:11:23] CPLX 2.5 39 (e5xf4) (=10)} 21. fxe5 {[%emt 0:05:26] CPLX 2.5 39 (Ne4-d6) (=7)} (21. Nd6 $5 ) 21... Nxe5 {[%emt 0:00:04] RECAPT} 22. Nd6 {[%emt 0:00:43] CPLX 2.5 0 (Ne4-f2) (=6)} Ng4 {[%emt 0:01:18] BESTDEEP} 23. Nxb7 {[%emt 0:10:46] EASY} Ne3 {[%emt 0:01:18] EASY} 24. Rxe3 {[%emt 0:00:11] CPLX 3.9 0 (Qc2-b1) (=5)} dxe3 {[%emt 0:00:05] RECAPT} 25. Ne4 {[%emt 0:00:22] BESTDEEP} (25. Nxd8 $2 exd2 26. Qxd2 Qxd8 $19) 25... Rd5 {[%emt 0:05:32] CPLX 4.3 5 (f7-f5) (=7)} (25... Qxb7 $2 26. Nf6+ $1 gxf6 27. Bxb7 $18) (25... Nb4 $2 26. axb4 axb4 27. Nxd8 Qxd8 28. Re1 $18) 26. Ned6 {[%emt 0:07:12] [#] RELBLUND 137 (Nb7xa5) (=13)} (26. Nxa5 $11 f5 27. Nc3 (27. Nc6 $2 Qd7 $19) 27... Rxc5 28. b4) 26... Nxc5 $1 $17 {[%emt 0:11:22][%cal Ba6c5,Bc5b7,Bb7d6][%mdl 544] CPLX 4.3=>BLUNDERREACT} 27. Bxd5 {[%emt 0:12:57] EASY} Nxb7 {[%emt 0:01:11] EASY} 28. Bxe6 {[%emt 0:04:16] Black must now prevent Nxb7. BESTDEEP} Nxd6 {[%emt 0:00:58] CPLX 4.0} 29. Bd5 {[%emt 0:00:11] MISS-Be6-g4 86 (Be6-g4) (=16)} (29. Bg4 $15) 29... h5 {[%emt 0:02:43][%cal Bh7h5,Bh5h4][%mdl 32] CPLX 2.7 35 (g7-g6) (=7)} 30. d4 {[%emt 0:02:52] CPLX 2.7 63 (Qc2-e2) (=18)} (30. Qe2 $17 {is a better defense.}) 30... h4 $19 {[%emt 0:02:32] BESTDEEP} 31. g4 $2 {[%emt 0:05:31] CPLX 3.5 251 (Rc1-e1) (=29)} (31. Re1) 31... Qg5 {[%emt 0:04:06] CPLX 3.3 49 (Rf8-c8) (=9)} 32. Qg2 {[%emt 0:00:01] MISS-Bd5-f3 108 (Bd5-f3) (=33)} Qf4 {[%emt 0:00:44] MISS-e3-e2 283 (e3-e2) (=21)} (32... e2 $142 33. Re1 h3) 33. Rd1 {[%emt 0:01:07] CPLX 3.4 96 (Qg2-e2) (=35)} Re8 {[%emt 0:00:22] Threatens to win with ...e2. CPLX 3.3} 34. Qf3 {[%emt 0:01:30] RELBLUND 400 (Qg2-e2) (=51)} (34. Qe2) 34... e2 {[%emt 0:00:43] EASY. Black is clearly winning.} 35. Re1 {[%emt 0:00:01] EASY} Qxd4+ {[%emt 0:00:12] EASY} 36. Kg2 {[%emt 0:00:01] CPLX 4.0} h3+ {[%emt 0:09:25] Weighted Error Value: White=0.63/Black=0.23 (precise)} 0-1

[Event "1st Henriquez Urena Memorial 2022"]
[Site "Santo Domingo"]
[Date "2022.09.21"]
[Round "6.6"]
[White "Mendez Ramirez, Victor"]
[Black "Ferreira Fernandez, Sergio"]
[Result "1-0"]
[ECO "E73"]
[WhiteElo "2153"]
[BlackElo "2119"]
[Annotator "TA"]
[PlyCount "125"]
[EventDate "2022.09.16"]
[EventType "swiss"]
[EventCountry "DOM"]
[SourceTitle "playchess.com"]
[Source "ChessBase"]
[SourceQuality "1"]
[TimeControl "5400+30"]

1. c4 Nf6 2. Nc3 g6 3. e4 d6 4. d4 Bg7 5. Be2 O-O 6. Bg5 h6 7. Be3 e5 8. d5 Nbd7 9. g4 Nc5 10. f3 a5 11. Qd2 Kh7 12. h4 Nfd7 {[%emt 0:00:00] E73: King's Indian: Averbakh Variation without 6...c5.} (12... h5 $142) 13. O-O-O $16 {[%emt 0:00:00] [#]} Na6 $146 ({Predecessor:} 13... a4 14. h5 g5 15. Nh3 Bf6 16. Nf2 Be7 17. Nb5 Ra6 18. Qc2 c6 19. dxc6 Rxc6 {0-1 (58) Thoma,C (2156)-Vykouk,J (2477) Wuerttemberg 2020}) 14. Nh3 Ndc5 {[%emt 0:00:00] White is better.} 15. Nf2 b6 16. Rdg1 Bd7 17. Bd1 Qe7 18. h5 {[%emt 0:00:00][%cal Oe3h6] Threatens to win with Bxh6!} g5 19. Nd3 f6 20. Nxc5 Nxc5 21. Bxc5 bxc5 {[%emt 0:00:00] [#]} 22. Ba4 $1 Bxa4 23. Nxa4 Rfb8 24. Qc2 Rb4 25. a3 Rb7 26. Nc3 Bf8 27. Qa4 Qe8 28. Nb5 Be7 29. Kc2 Kg7 30. b3 Kf8 31. Ra1 Qc8 32. Rhb1 Rb6 33. Nc3 Kf7 34. Nd1 Bf8 35. Rb2 Be7 36. Rba2 Raa6 37. Nc3 Bd8 38. Nb5 Ke7 39. Kd3 Rb8 40. b4 {[%emt 0:02:06] White has more active pieces.} axb4 41. Qb3 bxa3 ({Black should play} 41... c6 42. dxc6 Bb6) 42. Rxa3 Rxa3 43. Rxa3 ({Don't do} 43. Qxa3 Kf7 $16) 43... Qb7 44. Qa2 {[%emt 0:11:38][%mdl 1024] And now Na7 would win. White has strong compensation.} Kf8 45. Ra6 Ke7 $2 (45... Rc8 46. Qa5 Rb8) 46. Qa4 (46. Na7 $142) 46... Rc8 $2 (46... Kf8 47. Qa5 Qc8) 47. Na7 $18 Qb1+ 48. Kd2 Qb2+ 49. Qc2 Rb8 50. Nc6+ Kd7 51. Nxb8+ Qxb8 {[%emt 0:00:30][%mdl 4096] Endgame KQR-KQB} 52. Qa4+ Ke7 53. Kc2 Qc8 54. Ra5 Qd7 55. Rb5 {[%emt 0:00:04] Qa8 is the strong threat.} Ke8 56. Qa7 (56. Qa8 $142 Kf8 57. Rb8) 56... Ke7 57. Kb3 (57. Rb8 $142 Ke8 58. Kd2) 57... Ke8 58. Rb8 Qf7 59. Qa8 Qe7 60. Qa7 $2 (60. Ka4 {mates} Qd7+ 61. Kb3 Ke7 62. Qb7 Kf8 63. Qb5 Qxb5+ 64. cxb5 Ke7 65. Ra8) 60... Kf8 $2 {[%emt 0:01:08][%mdl 8192] [#]} (60... Qf7 $11 61. Qa4+ Ke7) 61. Qa8 Ke8 62. Ka4 {[%emt 0:01:37] Kb5 would kill now.} Qd7+ 63. Qc6 {[%emt 0:00:02] Weighted Error Value: White=0.34/Black=0.49} 1-0

[Event "1st Henriquez Urena Memorial 2022"]
[Site "Santo Domingo"]
[Date "2022.09.21"]
[Round "6.7"]
[White "Crispin Ferreras, Darvi Abraham"]
[Black "Camacho Campusano, David Daniel"]
[Result "1-0"]
[ECO "A26"]
[WhiteElo "2160"]
[BlackElo "2230"]
[Annotator "TA"]
[PlyCount "67"]
[EventDate "2022.09.16"]
[EventType "swiss"]
[EventCountry "DOM"]
[SourceTitle "playchess.com"]
[Source "ChessBase"]
[SourceQuality "1"]
[TimeControl "5400+30"]

1. Nf3 d6 2. g3 e5 3. d3 Nf6 4. Bg2 g6 5. O-O Bg7 6. c4 O-O 7. Nc3 Nc6 8. Rb1 a5 9. b3 h6 {[%emt 0:02:14] A26: English Opening vs King's Indian with ...Nc6 and d3.} 10. Bb2 Nh5 11. Nd5 f5 {[%emt 0:05:19] The position is equal.} 12. e3 Ne7 {[%emt 0:02:13] [#]} 13. Nd2 $146 ({Predecessor:} 13. Nh4 Kh7 14. Nxe7 Qxe7 15. Nf3 c6 16. Qc2 Bd7 {½-½ (16) Korov,Z (2119)-Pecnik,L (2261) Zagreb 2010}) 13... c6 14. Nxe7+ Qxe7 15. Re1 Bd7 16. f4 Rae8 17. Nf3 Qf7 (17... Qd8 $11) 18. Qd2 ({White should try} 18. Ba3 $16 exf4 19. exf4) 18... b6 19. Rf1 c5 (19... exf4 $11 {remains equal.} 20. exf4 Bxb2 21. Rxb2 c5) 20. fxe5 $16 dxe5 {[%emt 0:00:21] [#]} 21. d4 (21. g4 $1 $16 e4 22. gxh5 exf3 23. hxg6 (23. Bxf3 Bxb2 24. Rxb2 gxh5 $14) (23. Rxf3 g5 $14) 23... Qxg6 24. Rxf3) 21... e4 $11 22. Ne5 Qe6 (22... Bxe5 $11 23. dxe5 Bc6) 23. g4 {[%emt 0:07:32] White is more active.} Bxe5 24. dxe5 Ng7 25. Rbd1 Bc6 26. Qc3 $36 {[%emt 0:01:53][%mdl 2048] Strongly threatening Rd6. White is in control.} Rd8 {[%emt 0:01:26] Against Rd6} 27. Rd6 $1 Rxd6 28. exd6 Qd7 {[%emt 0:00:52] A mistake that costs the game.} (28... Rf7 $16 {is a better defense.}) 29. gxf5 $18 gxf5 (29... Rf7 $142 30. Qe5 gxf5) 30. Bh3 {[%emt 0:00:32][%cal Bg2h3,Bh3f5,Bf5e6][%mdl 32] A strong pair of Bishops.} Kh7 31. Rf2 {[%emt 0:02:00] Rg2 would kill now.} Rf7 $2 (31... Rg8 32. Rg2 Qf7) 32. Rg2 {[%emt 0:00:18][%cal Oh3f5] White wants to mate with Bxf5+!} Kg8 {[%emt 0:01:01] [#]} 33. Bxf5 $1 Qb7 (33... Qxd6 34. Rxg7+) 34. Be6 {[%emt 0:00:17] Weighted Error Value: White=0.18 (very precise) /Black=0.55} 1-0

[Event "1st Henriquez Urena Memorial 2022"]
[Site "Santo Domingo"]
[Date "2022.09.21"]
[Round "6.8"]
[White "Subervi, Jonathan Sigfredo"]
[Black "Orizondo, Hugo"]
[Result "0-1"]
[ECO "D25"]
[WhiteElo "2124"]
[BlackElo "2034"]
[Annotator "TA"]
[PlyCount "86"]
[EventDate "2022.09.16"]
[EventType "swiss"]
[EventCountry "DOM"]
[SourceTitle "playchess.com"]
[Source "ChessBase"]
[SourceQuality "1"]
[TimeControl "5400+30"]

1. Nf3 Nf6 2. d4 d5 3. c4 dxc4 4. e3 b5 5. a4 b4 6. Bxc4 {[%emt 0:02:25] D25: Queen's Gambit Accepted: 4 e3: sidelines and 4...Bg4.} e6 7. O-O Be7 8. Qe2 {[%emt 0:00:32] White has an edge.} O-O $1 {[%emt 0:02:49][%mdl 4] is now more promising than 8...Bb7.} 9. Rd1 Bb7 10. a5 Nbd7 11. Nbd2 {[%emt 0:10:04] [#]} Ne4 $146 (11... c5 $11) ({Predecessor:} 11... a6 12. Nb3 Qb8 13. Bd2 Rc8 14. Ne5 c5 15. Nxd7 Nxd7 16. dxc5 Nxc5 17. Nxc5 Bxc5 {0-1 (35) Milovanovic,S (2217)-Marjanovic,D (2316) Vrnjacka Banja 2015}) 12. a6 Bc6 13. Bd3 (13. Nb3 $16) 13... Nxd2 14. Bxd2 Rc8 15. e4 Nf6 {[%emt 0:01:13] Inhibits d5.} 16. d5 $36 {[%emt 0:03:28][%mdl 2048] Keeping Black busy.} exd5 17. e5 Ne4 {[%emt 0:07:01] [#]} 18. Bxb4 Qe8 (18... f5 19. exf6) 19. Bxe7 Qxe7 20. Qe3 Rb8 21. Qxa7 {[%emt 0:00:33] Rdc1 is the strong threat.} Rxb2 $2 (21... Rb6 $16 {was called for.} 22. Bxe4 dxe4) 22. Rdc1 (22. Rdb1 $1 $18 Rxb1+ 23. Rxb1) 22... Ra8 (22... Rb6 $16) 23. Qd4 (23. Qe3 $1 $18 Rb6 24. Ra5) 23... Rb4 $16 24. Qe3 Be8 25. h3 c5 26. Bf1 (26. Rcb1 $16) 26... Bc6 27. Bd3 {[%emt 0:00:13] Threatens to win with Bxe4.} d4 28. Qf4 Nc3 29. Kh1 (29. Re1 $14) 29... Rb2 $2 {[%emt 0:00:00][%mdl 8192] [#]} (29... Bd5 $11) 30. Rc2 $2 ({White must play} 30. Nxd4 $1 $18 cxd4 31. Qxd4) 30... Rxc2 $11 31. Bxc2 Bb5 $2 {[%emt 0:00:00] [#]} (31... Bd5 $11) 32. Nxd4 $1 cxd4 $16 33. Qxd4 Qc7 34. a7 {[%emt 0:00:50] [#]} ({White should play} 34. Ra3 $1 $16 Qd7 35. Qxc3 Rxa6 36. Rxa6 Bxa6 37. Kg1) 34... Bc6 $1 $11 {[%emt 0:00:23] Strongly threatening ...Nb5.} 35. Bd3 Qd7 36. Qe3 (36. Qxd7 $14 {is the one way to stay ahead.} Bxd7 37. Ra5) 36... Nb5 ({Much worse is} 36... Qd5 $6 37. f3 $11) ({But not} 36... Na4 $6 37. Rb1 g6 38. Rb8+ Kg7 39. Bb5 $1 Qxa7 40. Qxa7 Bxg2+ 41. Kxg2 $11) (36... Nd5 $1 $17 37. Qd4 Ne7 38. Qxd7 Bxd7) 37. Bc4 $2 (37. Bxb5 $11 {and White has nothing to worry.} Bxb5 38. Qb3) 37... Rxa7 $19 38. Rb1 Rb7 {[%emt 0:01:08][%cal Oc6g2] aiming for ...Bxg2+!} 39. e6 Qe7 40. exf7+ Kf8 41. Qd3 {[%emt 0:01:06] [#]} (41. Rd1 $17 {was worth a try.} Qxe3 42. fxe3) 41... Be4 $1 42. Qd1 (42. Ra1 {was the crucial defense.} Rd7 43. Qb3) 42... Bxb1 43. Qxb1 Nd6 $1 {[%emt 0:00:23][%csl LRb1,LRc4,LRf7] Black used his chance.  Weighted Error Value: White=0.58/Black=0.37} 0-1

[Event "1st Henriquez Urena Memorial 2022"]
[Site "Santo Domingo"]
[Date "2022.09.21"]
[Round "6.9"]
[White "Mesa Cruz, Juan Carlos"]
[Black "Arvelo Leo, Gian Carlo"]
[Result "1-0"]
[ECO "B22"]
[WhiteElo "2119"]
[BlackElo "2174"]
[Annotator "TA"]
[PlyCount "89"]
[EventDate "2022.09.16"]
[EventType "swiss"]
[EventCountry "DOM"]
[SourceTitle "playchess.com"]
[Source "ChessBase"]
[SourceQuality "1"]
[TimeControl "5400+30"]

1. e4 c5 2. Nf3 e6 3. c3 Nf6 4. e5 Nd5 5. d4 cxd4 6. cxd4 d6 7. exd6 Bxd6 8. Nc3 {[%emt 0:00:42] B22: Sicilian: 2 c3.} O-O 9. Bd3 Nxc3 10. bxc3 {[%emt 0:00:18] The position is equal.} Nd7 11. Qe2 Qc7 (11... b6 {feels hotter.} 12. Bg5 Qc7 13. Qe4 g6) 12. Bb2 Nf6 13. O-O {[%emt 0:02:46] [#]} b6 $146 ({Predecessor:} 13... Bd7 14. c4 b6 15. Rac1 Rac8 16. d5 Be7 17. Be5 Qd8 18. d6 {1-0 (18) Dmitrenko,V (2444)-Zaksaite,S (2202) Chess.com INT 2021}) 14. Ne5 Bb7 (14... Nd5 $5 ) 15. f4 Nd5 16. Rf3 (16. c4 $11 {remains equal.} Nb4 17. Bb1) 16... f5 (16... f6 $1 $17 17. Raf1 (17. Qe4 $2 g6 $19) 17... fxe5 18. fxe5 Rxf3 19. Qxf3 Rf8) 17. Bb5 (17. Bc2 $11) 17... Rf6 ({Black should try} 17... Bxe5 $15 18. fxe5 (18. Qxe5 Qxe5 19. fxe5 Nc7 $17) 18... f4) 18. c4 $11 Ne7 19. Re3 Bxe5 20. Rxe5 Ng6 21. Rxe6 Nxf4 22. Re8+ Rxe8 23. Qxe8+ Rf8 24. Qe5 Qxe5 25. dxe5 Rd8 {[%emt 0:00:00] Prevents Rd1. ...Rd2 is the strong threat.} (25... Bxg2 $2 26. Bc1 Rc8 27. Bxf4 $18) (25... Nxg2 $2 26. e6 a6 27. Ba4 $18 (27. e7 axb5 28. exf8=N Kxf8 $18)) 26. Rf1 Ne2+ 27. Kf2 Nf4 (27... Rd2 $17 28. e6 Nc3+ 29. Ke3 Rxb2) 28. Kg3 (28. Kg1 $1 $11 Ne2+ 29. Kf2) 28... Ne6 {[%emt 0:01:17] Threatens to win with ...Rd3+.} 29. Rf2 $2 (29. c5 $17 f4+ 30. Kg4) 29... f4+ $2 (29... Rd3+ $19 {and Black stays clearly on top.} 30. Rf3 (30. Kh4 g5+ 31. Kh5 Bxg2 32. h4 Rh3) 30... f4+ 31. Kh3 Bxf3 32. gxf3 Rxf3+ 33. Kg4 Rf2) 30. Rxf4 $2 (30. Kg4 $17) 30... Rd5 $4 31. Rf5 $4 (31. cxd5 $18 Nxf4 32. Kxf4 Bxd5 33. a3) 31... Rd3+ $19 32. Kh4 Bxg2 33. c5 (33. Be8 $142 g5+ 34. Rxg5+ Nxg5 35. Kxg5) 33... Rh3+ 34. Kg4 g6 (34... Rxh2 35. Kg3 Be4 36. Kxh2 $15) 35. Bc4 gxf5+ 36. Kxf5 {[%emt 0:00:04] [#]} Kf8 37. Kxe6 $17 bxc5 {[%emt 0:00:31][%mdl 4096] Endgame Hoping for ...Rh4. KRB-KB} 38. Kd6 {[%emt 0:00:21] [#]} Rh6+ ({Not} 38... Rxh2 39. e6 Bc6 40. Ba3 $17) (38... Rh4 $1 $17 {[%cal Rh4c4] and life is bright.} 39. Kxc5 Rxh2) 39. e6 $16 Bh3 (39... Rxh2 {leads to mate.} 40. e7+ Ke8 41. Bb5+) 40. Ba3 {[%emt 0:02:28] White is more active.} (40. Bc1 $14 Rg6 41. Ba3) 40... a5 $2 {[%emt 0:00:46] [#]} (40... Bxe6 $11 41. Bxe6 Rxh2) 41. Bxc5 $2 ({White has to play} 41. Bc1 $1 $18 Rf6 42. Bg5) 41... Ke8 $2 (41... Bxe6 $11 42. Bxe6 Rxh2) 42. Bb5+ $18 Kd8 43. Bd7 {[%emt 0:00:00][%cal Rc5b6] White mates.} ({Less strong is} 43. Bb6+ Kc8 44. Bd7+ Kb8 $16) 43... Rxe6+ 44. Bxe6 Bxe6 45. Kxe6 {[%emt 0:00:00] Weighted Error Value: White=0.64/Black=0.69} 1-0

[Event "1st Henriquez Urena Memorial 2022"]
[Site "Santo Domingo"]
[Date "2022.09.21"]
[Round "6.10"]
[White "Lugo Matos, Richards Reynier"]
[Black "Dominguez, Jose Manuel"]
[Result "1/2-1/2"]
[ECO "C55"]
[WhiteElo "2157"]
[BlackElo "2180"]
[Annotator "TA"]
[PlyCount "20"]
[EventDate "2022.09.16"]
[EventType "swiss"]
[EventCountry "DOM"]
[SourceTitle "playchess.com"]
[Source "ChessBase"]
[SourceQuality "1"]
[TimeControl "5400+30"]

1. e4 e5 2. Nf3 Nc6 3. Bc4 d6 4. d3 Be7 5. Nc3 Nf6 6. h3 O-O 7. O-O Na5 8. Bb3 c6 {[%emt 0:00:31] The position is equal.} 9. Be3 {[%emt 0:00:08] C55: Two Knights: 4 d3, 4 d4 exd4 5 e5 and Max Lange Attack.} (9. d4 $5 ) 9... Qc7 10. Bg5 {[%emt 0:00:22] [#]} Nxb3 $146 {[%emt 0:00:15] A rather calm draw.  Weighted Error Value: White=0.08 (flawless) /Black=0.00 (flawless)} ({Predecessor:} 10... b5 11. Re1 Nxb3 12. axb3 a6 13. Ne2 c5 14. Ng3 Be6 15. Re3 Ne8 16. Nf5 Bxf5 17. exf5 {½-½ (25) Repas,M-Manduch,M Slovakia 1996}) 1/2-1/2

[Event "1st Henriquez Urena Memorial 2022"]
[Site "Santo Domingo"]
[Date "2022.09.21"]
[Round "7.1"]
[White "Quezada Perez, Yasser"]
[Black "Araujo Sanchez, Josue"]
[Result "1-0"]
[ECO "B91"]
[WhiteElo "2580"]
[BlackElo "2281"]
[Annotator "TA"]
[PlyCount "109"]
[EventDate "2022.09.16"]
[EventType "swiss"]
[EventCountry "DOM"]
[SourceTitle "playchess.com"]
[Source "ChessBase"]
[SourceQuality "1"]
[TimeControl "5400+30"]

1. e4 c5 2. Nf3 d6 3. d4 cxd4 4. Nxd4 Nf6 5. Nc3 a6 6. g3 g6 7. Bg2 Bg7 8. O-O O-O 9. h3 Bd7 10. Be3 Nc6 11. Nde2 {[%emt 0:00:30] B91: Sicilian Najdorf: 6 g3.} b5 12. Nd5 Rb8 {[%emt 0:10:16] was the old line (12...Nxd5).} 13. b3 {[%emt 0:00:30] White is slightly better.} a5 14. c3 {[%emt 0:09:12] [#]} Re8 $146 ({Predecessor:} 14... a4 15. f4 Nxd5 16. exd5 Na5 17. Bd4 Bxd4+ 18. Nxd4 Qc8 19. Qe1 Bxh3 20. b4 Bxg2 21. Kxg2 {½-½ (51) Rodin,M (2362)-Eramian,G (2023) Saratov 2008}) 15. Bg5 Be6 16. Qd2 Nd7 17. Rad1 Nc5 18. Bh6 Bh8 19. f4 b4 20. c4 (20. e5 $5) 20... a4 $1 21. f5 Bxd5 22. exd5 Ne5 (22... Na5 $1 $11) 23. Nd4 $14 Qb6 {[%emt 0:05:22] And now ...axb3 would win.} 24. Kh1 axb3 25. axb3 Ra8 26. fxg6 hxg6 27. Qf2 Ra3 (27... Bf6 $16) 28. Nc6 $18 {[%emt 0:00:30] Threatens to win with Nxe5.} Ncd7 {[%emt 0:00:30] ...Qxf2 is the strong threat.} 29. Be3 {[%emt 0:00:30] A strong pair of Bishops.} Qc7 30. Bd4 Bf6 31. Bxe5 (31. Nxb4 Qb7 32. Qe1 Rxb3 $11) 31... dxe5 {[%emt 0:00:30] [#]} (31... Nxe5 {keeps fighting.} 32. Nxe5 dxe5) 32. Nxe7+ $1 Kg7 (32... Rxe7 $2 33. d6 Qc5 34. dxe7 Qxe7 35. Bc6 $18) 33. d6 Qc5 34. Bc6 $2 (34. Qf3 $18 {aiming for Qg4.} e4 35. Qg4 (35. Qxe4 Bxe7 36. Rd5 Qa7 $18)) 34... Rxe7 $14 {[%emt 0:00:30][%mdl 64] Remove Defender} 35. dxe7 Qxc6+ 36. Qf3 {[%emt 0:00:30] Chess con chili.} Qe6 37. Qg4 {[%emt 0:00:30] Intending Qxe6 and mate.} Qc6+ 38. Qf3 Qe6 39. Rxd7 Bxe7 40. Rd2 Qxh3+ (40... e4 41. Qd1 $16) 41. Rh2 Qe6 42. g4 $40 {[%emt 0:00:30][%mdl 128] White attacks.} Bf6 $2 {[%emt 0:00:30][%mdl 8192] [#]} (42... Bg5 $11 {and Black stays safe.}) 43. Rhf2 $1 $18 ({Not} 43. Qh3 Qc6+ 44. Kg1 (44. Qf3 Qxf3+ 45. Rxf3 e4 $11) 44... Qb6+ 45. Kh1 (45. c5 Qxc5+ 46. Kh1 Qc6+ 47. Kg1 Qc5+ 48. Kh1 Qc6+ 49. Kg1 Qb6+ 50. Kh1 Qb7+ 51. Kg1 Qa7+ 52. Kh1 Qb7+ 53. Kg1 Qa7+ 54. Kh1 Qb7+ $11) 45... Qc6+ 46. Qg2 (46. Kg1 Qb6+ 47. Kh1 Qc6+ $14) (46. Qf3 Qxf3+ 47. Rxf3 e4 $11) 46... Qxg2+ 47. Rxg2 Rxb3 $11) 43... Ra6 $2 (43... Bh4 {is tougher.}) 44. Qe4 Qc6 45. Qxc6 Rxc6 {[%emt 0:00:30][%mdl 4096] Endgame KRR-KRB} 46. Kg2 {[%emt 0:00:30][%cal Og4g5] Hoping for g5!} Rd6 (46... g5 $18 47. Kf3 Be7) 47. g5 Bxg5 48. Rxf7+ Kg8 49. Rc7 (49. Rf8+ $142 Kh7 50. R1f7+ Kh6 51. Rh8#) 49... e4 50. c5 Re6 51. Kf2 Bf4 52. Rb7 Ra6 53. Kg2 $2 (53. Rd1 Bg5 54. Rxb4) 53... g5 $2 (53... Be3 54. Re1 Bxc5 55. Rxe4 Rf6 56. Re8+ Rf8) 54. Rxb4 (54. Rd1 $142 Ra2+ 55. Kf1) 54... Ra2+ 55. Rf2 {[%emt 0:00:30] Weighted Error Value: White=0.48/Black=0.59} 1-0

[Event "1st Henriquez Urena Memorial 2022"]
[Site "Santo Domingo"]
[Date "2022.09.21"]
[Round "7.2"]
[White "Michelen Rodriguez, Victor Isaac"]
[Black "Peralta, Fernando"]
[Result "1/2-1/2"]
[ECO "A40"]
[WhiteElo "2228"]
[BlackElo "2600"]
[Annotator "TA"]
[PlyCount "92"]
[EventDate "2022.09.16"]
[EventType "swiss"]
[EventCountry "DOM"]
[SourceTitle "playchess.com"]
[Source "ChessBase"]
[SourceQuality "1"]
[TimeControl "5400+30"]

1. c4 e6 2. Nc3 b6 3. e4 Bb7 4. d4 Bb4 5. Bd3 f5 6. Qe2 Nf6 7. Bg5 (7. f3 {keeps more tension.} Nc6 8. Be3 fxe4 9. fxe4 e5 10. d5) 7... fxe4 {[%emt 0:01:45] A40: Unusual replies to 1 d4.} (7... O-O {feels hotter.} 8. f3 h6 9. Bh4 Qe8) 8. Bxe4 Bxe4 9. Bxf6 {[%emt 0:00:04][%mdl 64] Remove Defender} Qxf6 10. Qxe4 Nc6 11. Nf3 Bxc3+ 12. bxc3 O-O 13. O-O Qf5 14. Rfe1 Na5 15. Qxf5 Rxf5 16. Nd2 Raf8 17. f3 {[%emt 0:01:14] [#]} g5 $146 ({Predecessor:} 17... R8f6 18. Kf2 Rh6 19. h3 Nb7 20. Ke3 Nd6 21. Kd3 Rg6 22. Re2 h5 23. g4 Rff6 {0-1 (51) Catarineu Navines,F (1965)-Serrano Pertinez,M (2086) Barcelona 2012}) 18. Rab1 Kg7 19. Rb5 h6 20. Rxf5 Rxf5 $11 {[%emt 0:01:17][%mdl 4096] Endgame KRN-KRN} 21. Kf2 Nb7 22. Re5 Rf8 23. g4 $1 Nd8 24. Re1 Nf7 25. a4 Nh8 26. d5 Kf7 27. dxe6+ dxe6 28. c5 Ng6 29. cxb6 axb6 30. Ra1 Rd8 31. Ne4 Rd5 32. c4 Ra5 33. c5 (33. Nd2 $11) 33... b5 $17 (33... bxc5 $6 34. Nd2 $11) 34. Rd1 $2 (34. Nc3 $17 {was the only defense.}) 34... bxa4 $19 35. Rd7+ (35. Ra1 {is a better defense.}) 35... Ne7 36. Nd6+ $2 (36. Ke2) 36... Kf8 37. Rd8+ Kg7 38. Rd7 Kf8 39. Rd8+ Kg7 40. Rd7 {[%emt 0:00:04] [#]} cxd6 $2 ({Wrong is} 40... Kf8 $2 41. Nc4 Rxc5 42. Rd4 $19) ({Black should play} 40... a3 $1 $19 41. Rxe7+ Kf6 42. Rf7+ (42. Rxc7 $2 a2 $19) 42... Kg6) 41. cxd6 {[%emt 0:00:24][%mdl 64] Pin} a3 {[%emt 0:00:48] aiming for ...a2.} 42. Rxe7+ {[%emt 0:00:12] KR-KR} Kf8 (42... Kf6 $5 43. Re8 $8 Ra7 $11) 43. Rxe6 {[%emt 0:00:33] Threatens to win with d7.} a2 44. d7 Ra8 {[%emt 0:00:09] [#]} (44... Rd5 $11 {remains equal.} 45. Ra6 Rd2+ 46. Ke1 Rxd7) 45. Re1 {[%emt 0:00:06] White is more active.} (45. Ra6 $1 $16 Rd8 46. Rxa2 Rxd7 47. Kg3) 45... Rd8 46. Ra1 Rxd7 {[%emt 0:00:13] Black had all chances to win.  Weighted Error Value: White=0.33/Black=0.46} 1/2-1/2